 Dungeon Crawl Stone Soup version 0.30.2 (webtiles) character file.

Game seed: 18163084858939469363

102 porpoise the Chopper (level 4, 0/41 HPs)
             Began as a Hill Orc Fighter on Feb 22, 2024.
             Slain by an orc
             ... wielding a +0 flail
              (5 damage)
             ... on level 2 of the Dungeon.
             The game lasted 00:02:32 (1254 turns).

porpoise the Chopper (Hill Orc Fighter)             Turns: 1254, Time: 00:02:33

Health: 0/41       AC:  6    Str: 20    XL:     4   Next: 77%
Magic:  4/4        EV:  9    Int:  8    God:
Gold:   168        SH:  4    Dex: 10    Spells: 3/3 levels left

rFire   . . .        a - +0 war axe
rCold   . . .        c - +0 buckler
rNeg    . . .        b - +0 scale mail
rPois   .            (no helmet)
rElec   .            (no cloak)
rCorr   .            (no gloves)
SInv    .            (no boots)
Will    .....        (no amulet) Stlth
                     (no ring)
HPRegen 0.26/turn    (no ring)
MPRegen 0.09/turn

%: no passive effects
@: no status effects
A: no striking features
a: no special abilities


You were on level 2 of the Dungeon.
You visited 1 branch of the dungeon, and saw 2 of its levels.

You collected 168 gold pieces.

Inventory:

Hand Weapons
 a - a +0 war axe (weapon)
Missiles
 e - 2 poisoned darts (quivered)
 f - 11 javelins
Armour
 b - a +0 scale mail (worn)
 c - a +0 buckler (worn)
Scrolls
 i - a scroll of noise {unknown}
 j - a scroll of immolation {unknown}
Potions
 d - a potion of might
 g - a potion of mutation {unknown}
 h - a potion of invisibility {unknown}


   Skills:
 + Level 4.4 Fighting
 * Level 4.9 Axes
 - Level 3.2 Armour
 + Level 4.1 Shields


You had 3 spell levels left.
You didn't know any spells.
Your spell library was empty.

Dungeon Overview and Level Annotations

Branches:
Dungeon (2/15)

Altars:


Message History

The orc priest is moderately wounded.
The orc priest hits you but does no damage.
You slash the orc priest!
The orc priest is almost dead.
The orc priest hits you with a +0 club.
You barely miss the orc priest.
The orc priest is almost dead.
The orc priest mumbles some strange prayers to Beogh against you.
Pain shoots through your body!
The orc priest looks braver for a moment.
You completely miss the orc priest.
The orc priest is almost dead.
The orc priest threatens, "By the altar or by the axe, you will meet Beogh!"
The orc priest mumbles some strange prayers to Beogh against you.
Pain shoots through your body!
* * * LOW HITPOINT WARNING * * *
You closely miss the orc priest.
The orc priest is almost dead.
The orc priest shouts, "Surrender to Beogh and we'll let you live!"
The orc priest begins to cast a cantrip, but forgets the words!
You barely miss the orc priest.
The orc priest is almost dead.
The orc priest hits you with a +0 club.
* * * LOW HITPOINT WARNING * * *
The orc priest hits you with a +0 club.
* * * LOW HITPOINT WARNING * * *
You barely miss the orc priest.
The orc priest is almost dead.
The orc priest hits you with a +0 club.
* * * LOW HITPOINT WARNING * * *
You hit the orc priest.
You kill the orc priest!
Your Shields skill increases to level 4!
You hit the orc.
The orc is almost dead.
You block the orc's attack.
You slash the orc!
You kill the orc!
The orc hits you with a +0 flail.
You die...

... ..! ... #.# ... #o# #o#
#####@#### ####....)...#
#........##.#
########.##.###.##.#
#.....##.##.###.##.#
#.###.##.##.....##.#
##.#.........###.##.#
##.#.#.##.........#.#
##.....#####........##########


You could see 2 orcs.

Vanquished Creatures
  An orc priest (D:2)
  An orc wizard (D:2)
  A gnoll (D:1)
  2 dart slugs
  An orc (D:2)
  4 bats
  2 endoplasms (D:1)
  2 giant cockroaches
  A goblin (D:1)
  5 hobgoblins
  A quokka (D:1)
  5 ball pythons
  A frilled lizard (D:1)
  3 kobolds (D:1)
  6 rats
36 creatures vanquished.

Notes
Turn   | Place    | Note
-------+----------+-------------------------------------------
     0 | D:1      | porpoise the Hill Orc Fighter began the quest for the Orb.
     0 | D:1      | Reached XP level 1. HP: 19/19 MP: 1/1
   139 | D:1      | Reached XP level 2. HP: 24/27 MP: 2/2
   342 | D:1      | Reached XP level 3. HP: 33/33 MP: 3/3
   795 | D:1      | Found a faded altar of an unknown god.
  1242 | D:2      | Reached XP level 4. HP: 23/40 MP: 4/4
  1254 | D:2      | Slain by an orc

Illustrated notes

Levels and vault maps discovered:
D:1:      roderic_chinese_lattice_arrival, layout_loops_ring,
          shapermc_ecumenical_altar_flowoftime
D:2:      layout_loops_corners, serial_shops, shop_statue, grunt_ministairs_13,
          minmay_misc_feat_x

Skill      XL: |  1  2  3  4 |
---------------+-------------+-----
Axes           | 3 4 |  4.9
Fighting       | 4 |  4.4
Shields        | 4 |  4.1
Armour         | |  3.2

Action                     |  1- 3 |  4- 6 || total
---------------------------+-------+-------++-------
  Melee: War axe           |    93 |    13 ||   106
 Armour: Scale mail        |    38 |     2 ||    40
  Dodge: Dodged            |    35 |       ||    35
  Block: Buckler           |    25 |     1 ||    26
